 Dungeon Crawl Stone Soup version 0.27-a0-1193-g8631133539 (webtiles) character file.

Game seed: 7075870537684779666

3 lightspider the Skirmisher (level 1, 0/18 HPs)
             Began as a Demonspawn Monk on May 26, 2021.
             Succumbed to a goblin's poison
             ... on level 1 of the Dungeon.
             The game lasted 00:01:05 (213 turns).

lightspider the Skirmisher (Demonspawn Monk)         Turns: 213, Time: 00:01:06

Health: 0/18       AC: 10    Str: 11    XL:     1   Next: 41%
Magic:  1/1        EV:  2    Int: 11    God:
Gold:   8          SH:  0    Dex: 15    Spells: 0/0 levels left

rFire    . . .     SeeInvis .   a - +0 falchion
rCold    . . .     Faith    .   (no shield)
rNeg     . . .     Spirit   .   c - +0 plate armour
rPois    .         Reflect  .   (no helmet)
rElec    .         Harm     .   (no cloak)
rCorr    .         Rampage  .   (no gloves)
Will     .....                  (no boots)
Stlth    ..........             (no amulet)
HPRegen  0.06/turn              (no ring)
MPRegen  0.07/turn              (no ring)

@: lethally poisoned (0 -> -2)
A: no striking features
a: no special abilities


You were on level 1 of the Dungeon.
You visited 1 branch of the dungeon, and saw 1 of its levels.

You collected 8 gold pieces.

Inventory:

Hand Weapons
 a - a +0 falchion (weapon)
Armour
 b - a +0 robe
 c - a +0 plate armour (worn)


   Skills:
 + Level 3.0 Fighting
 + Level 2.7 Long Blades
 + Level 0.1 Armour
 + Level 2.7 Dodging
 - Level 1.8 Stealth
 + Level 0.1 Unarmed Combat


You couldn't memorise any spells.
You didn't know any spells.
Your spell library contained the following spells:

 Spells                   Type           Power      Damage    Failure   Level
 Beastly Appendage        Tmut           0%         N/A       100%        1
 Magic Dart               Conj           0%         1d3       100%        1
 Searing Ray              Conj           0%         3d3       100%        2
 Wereblood                Tmut           0%         N/A       100%        2
 Dazzling Flash           Conj/Hex       0%         N/A       100%        3
 Spider Form              Tmut/Pois      0%         N/A       100%        3
 Fulminant Prism          Conj/Hex       0%         3d6       100%        4
 Ice Form                 Ice/Tmut       0%         N/A       100%        4
 Iskenderun's Mystic Bla  Conj/Tloc      0%         2d3       100%        4
 Hydra Form               Tmut           0%         N/A       100%        5


Dungeon Overview and Level Annotations

Branches:
Dungeon (1/15)

Altars:


Message History

You hit the kobold.
You kill the kobold!
You start removing your armour.
You continue taking off your +0 robe. x4
You finish taking off your +0 robe.
You start putting on your armour.
You continue putting on your +0 plate armour. x5
You finish putting on your +0 plate armour.
HP restored.
You see here a +0 dagger.
You open the door.
A goblin comes into view. It is wielding a +2 dagger of venom.
The goblin shouts!
You hear an angry hiss.
You hear a shout! 2 bats, a ball python and a hobgoblin come into view.
The hobgoblin shouts!
The ball python hisses angrily.
You hear an angry hiss.
Found 14 gold pieces.
There is an open door here.
You barely miss the goblin. The bat hits you but does no damage.
The goblin hits you but does no damage.
You are poisoned.
The goblin hits you with a +2 dagger of venom.
You are more poisoned.
You slash the goblin!
You kill the goblin!
You feel very sick. The bat hits you. The bat hits you but does no damage.
You feel sick. The bat hits you but does no damage.
You miss the bat.
You feel sick. The bat hits you but does no damage. x3
You completely miss the bat.
* * * LOW HITPOINT WARNING * * *
You feel sick. The bat hits you but does no damage. x2
* * * LOW HITPOINT WARNING * * *
You feel sick. The bat hits you but does no damage. The bat hits you.
* * * LOW HITPOINT WARNING * * *
You slash the bat!
You kill the bat!
* * * LOW HITPOINT WARNING * * *
You feel sick. The bat barely misses you.
You hit the bat.
You kill the bat!
You die...

#.######.######
#......#'#.....
#######........###
#..............#
#.#####.....[..#
#)# #........# #.#
...>......# #.#
###........# #@#
#........+ #†#
#........# #S#
##.###+
......)g.......
...............
.$.............
...####+#+##### ..
.


You could see a hobgoblin and a ball python.

Vanquished Creatures
  A goblin (D:1)
  2 bats (D:1)
  A kobold (D:1)
  A rat (D:1)
5 creatures vanquished.

Notes
Turn   | Place    | Note
-------+----------+-------------------------------------------
     0 | D:1      | lightspider the Demonspawn Monk began the quest for the
                  | Orb.
     0 | D:1      | Reached XP level 1. HP: 18/18 MP: 1/1
   213 | D:1      | Succumbed to a goblin's poison

Illustrated notes

Levels and vault maps discovered:
D:1:      grunt_arrival_lava_bath, layout_basic,
          hellmonk_ecumenical_altar_leap_of_faith

Action                   || total
-------------------------++-------
Melee: Falchion          ||    11
 Stab: Sleeping          ||     2
Armor: Plate armour      ||    10
Dodge: Dodged            ||     3
       Rpst.: Falchion   ||     2

Table legend: (Time is in decaauts)
 A = Elapsed time spent in this place.
 B = Non-inter-level travel time spent in this place.
 C = Inter-level travel time spent in this place.
 D = Time resting spent in this place.
 E = Time spent auto-exploring this place.
 F = Levels seen in this place.
 G = Mean time per level.
                   A        B        C        D        E       F      G
               +--------+--------+--------+--------+--------+-----+--------+
         Total |    214 |    214 |      0 |      0 |    170 |   1 |  214.0 |
       Dungeon |    214 |    214 |      0 |      0 |    170 |   1 |  214.0 |
               +--------+--------+--------+--------+--------+-----+--------+

Top non-repeatable levels by time:
     D:1: 214 daAuts
